 Dungeon Sprint DCSS version 0.27.0-1-g7a089689b8 (webtiles) character file.

Game seed: 9239362437500180268

174 Groucho the Covert (level 5, 0/24 (25) HPs)
             Began as a Spriggan Enchanter on Aug 5, 2021.
             Slain by a necrophage (4 damage)
             ... in the Dungeon (Sprint II: "The Violet Keep of Menkaure").
             The game lasted 00:00:36 (26 turns).

Groucho the Covert (Spriggan Enchanter)               Turns: 26, Time: 00:00:36

HP:   0/24 (25)     AC:  2    Str:  5    XL:     5   Next: 28%
MP:   10/12         EV: 18    Int: 17    God:
Gold: 0             SH:  0    Dex: 15    Spells: 11/12 levels left

rFire    . . .     SeeInvis +   a - +1 dagger
rCold    . . .     Faith    .   (shield restricted)
rNeg     . . .     Spirit   .   b - +0 robe
rPois    .         Reflect  .   (helmet restricted)
rElec    .         Harm     .   (no cloak)
rCorr    .         Rampage  .   (gloves unavailable)
Will     .....     NoTele   +   (boots unavailable)
Stlth    ++++++....             (no amulet)
HPRegen  0.08/turn              (no ring)
MPRegen  0.13/turn              (no ring)

@: on berserk cooldown, slowed, lightly drained, quick
A: very small, no large weapons, unfitting armour, see invisible, speed 3
a: no special abilities


You were in the Dungeon.
You visited 1 branch

Inventory:

Hand Weapons
 a - a +1 dagger (weapon)
Armour
 b - a +0 robe (worn)
Scrolls
 h - a scroll of blinking
Potions
 c - a potion of curing
 d - a potion of heal wounds
 e - a potion of haste
 f - 2 potions of magic


   Skills:
 + Level 1.4 Fighting
 * Level 3.3 Short Blades
 + Level 3.8 Dodging
 * Level 13.8 Stealth
 * Level 4.4 Spellcasting
 * Level 5.1 Hexes


You had 11 spell levels left.
You knew the following spells:

 Your Spells              Type           Power      Damage    Failure   Level
a - Corona                Hex            23%        N/A       1%          1

Your spell library contained the following spells:

 Spells                   Type           Power      Damage    Failure   Level
 Confusing Touch          Hex            21%        N/A       5%          3
 Tukima's Dance           Hex            21%        N/A       5%          3
 Ensorcelled Hibernation  Hex/Ice        24%        N/A       8%          2
 Dazzling Flash           Conj/Hex       24%        N/A       16%         3


Dungeon Overview and Level Annotations

Branches:
Dungeon (1/1)

Altars:


Innate Abilities, Weirdness & Mutations

You are very small and have problems with some larger weapons.
You are too small for most types of armour.
You have supernaturally acute eyesight. (SInv)
You cover ground extremely quickly. (Speed+++)


Message History

You feel yourself slow down.
Your life force feels restored.
Your Fighting skill increases to level 1!
Your Short Blades skill gained 2 levels and is now at level 3!
Your Dodging skill increases to level 3!
Your Spellcasting skill gained 2 levels and is now at level 4!
Your Hexes skill gained 2 levels and is now at level 5!
You have reached level 5!
You feel clever.
Unknown command.
Unknown command.
Unknown command.
Unknown command.
You completely miss the necrophage. The necrophage misses you.
You barely miss the necrophage. The necrophage misses you.
You closely miss the necrophage. The necrophage misses you.
The necrophage barely misses you.
You hit the necrophage.
The necrophage is lightly damaged.
The necrophage hits you.
You feel drained.
You are too injured to fight recklessly!
Unknown command.
Unknown command.
You completely miss the necrophage.
The necrophage is lightly damaged.
The necrophage misses you.
You closely miss the necrophage.
The necrophage is lightly damaged.
The necrophage hits you.
* * * LOW HITPOINT WARNING * * *
You hit the necrophage.
The necrophage is lightly damaged.
The necrophage hits you.
* * * LOW HITPOINT WARNING * * *
The necrophage barely misses you.
Unknown command.
You hit the necrophage.
The necrophage is lightly damaged.
The necrophage hits you.
You die...

#+#
##.##
+.<.+
##@##
#n#
.n.
..#..
##.
.##
## ##


You could see 2 necrophages.

Vanquished Creatures
  2 necrophages (D)
2 creatures vanquished.

Notes
Turn   | Place    | Note
-------+----------+-------------------------------------------
     0 | D        | Groucho the Spriggan Enchanter began the quest for the Orb.
     0 | D        | Reached XP level 1. HP: 9/9 MP: 5/5
     1 | D        | Noticed a necrophage
     1 | D        | Noticed a necrophage
     1 | D        | Noticed a necrophage
     1 | D        | Noticed a necrophage
    12 | D        | Killed a necrophage
    13 | D        | Reached skill level 13 in Stealth
    13 | D        | Reached XP level 2. HP: 13/13 MP: 6/6
    13 | D        | Reached XP level 3. HP: 16/16 MP: 8/8
    13 | D        | Reached XP level 4. HP: 21/21 MP: 9/9
    18 | D        | Killed a necrophage
    19 | D        | Reached skill level 1 in Fighting
    19 | D        | Reached skill level 5 in Hexes
    19 | D        | Reached XP level 5. HP: 16/25 MP: 9/12
    26 | D        | Slain by a necrophage

Illustrated notes

Levels and vault maps discovered:
D:        the_violet_keep_of_menkaure [sprint2_stairs_cluster_1,
          sprint2_shoproom, sprint2_temple, sprint2_basic_supplies,
          sprint2_obstacle_7, sprint2_obstacle_5, sprint2_obstacle_1,
          sprint2_obstacle_3, sprint2_obstacle_2, sprint2_timed_cluster_1,
          sprint2_smallroom_cluster_1, sprint2_smallroom_final_cluster_1,
          sprint2_transparent_cluster_1, sprint2_second_timed_cluster_1,
          sprint2_sniper_area_1, sprint2_heavy_combat_area_1,
          sprint2_mutation_trap_area_1, sprint2_forest_area_1,
          sprint2_light_combat_area_1, sprint2_behind_water_1,
          sprint2_near_end_vault_1]

Skill      XL: |  1  2  3  4 |
---------------+-------------+-----
Stealth        | 13 | 13.8
Fighting       | 1 |  1.4
Short Blades   | 3 |  3.3
Dodging        | 3 |  3.8
Spellcasting   | 4 |  4.4
Hexes          | 5 |  5.1

Action                   |  1- 3 |  4- 6 || total
-------------------------+-------+-------++-------
Melee: Dagger            |    10 |    14 ||    24
  Use: Potion            |     1 |       ||     1
Armor: Robe              |     1 |     1 ||     2
Dodge: Dodged            |     4 |     6 ||    10
